 Dungeon Crawl Stone Soup version 0.28.0-1-gb440e238dd (webtiles) character file.

Game seed: 1322854058790715683

100 fragbeetle the Skirmisher (level 4, -9/44 HPs)
             Began as a Minotaur Hunter on Feb 24, 2022.
             Mangled by Sigmund (15 damage)
             ... on level 3 of the Dungeon.
             The game lasted 00:02:08 (2923 turns).

fragbeetle the Skirmisher (Minotaur Hunter)         Turns: 2923, Time: 00:02:09

Health: -9/44      AC:  3    Str: 18    XL:     4   Next: 47%
Magic:  3/3        EV: 11    Int:  8    God:
Gold:   87         SH:  0    Dex: 11    Spells: 3/3 levels left

rFire   . . .      SeeInvis .   f - +0 spear
rCold   . . .      Faith    .   (no shield)
rNeg    . . .      Spirit   .   c - +0 leather armour
rPois   .          Reflect  .   (helmet restricted)
rElec   .          Harm     .   (no cloak)
rCorr   .          Rampage  .   (no gloves)
Will    .....                   (no boots)
Stlth   +.........              (no amulet)
HPRegen 0.14/turn               (no ring)
MPRegen 0.08/turn               (no ring)

@: no status effects
A: horns 2, retaliatory headbutt
a: no special abilities


You were on level 3 of the Dungeon.
You visited 1 branch of the dungeon, and saw 3 of its levels.

You collected 87 gold pieces.

Inventory:

Hand Weapons
 a - a +1 hand crossbow
 b - a +0 short sword
 f - a +0 spear (weapon)
Missiles
 d - 45 bolts
Armour
 c - a +0 leather armour (worn)
Jewellery
 k - a ring of ice
Scrolls
 e - 3 scrolls of blinking {unknown}
 h - a scroll of teleportation {unknown}
 j - a scroll of fear {unknown}
Potions
 g - a potion of heal wounds {unknown}
 i - a potion of resistance {unknown}


   Skills:
 + Level 5.8 Fighting
 - Level 4.3 Crossbows
 - Level 2.1 Dodging
 - Level 0.7 Stealth


You had 3 spell levels left.
You didn't know any spells.
Your spell library contained the following spells:

 Spells                   Type           Power      Damage    Failure   Level
 Beastly Appendage        Tmut           0%         N/A       45%         1
 Pain                     Necr           0%         1d4       45%         1
 Wereblood                Tmut           0%         N/A       61%         2
 Spider Form              Tmut/Pois      0%         N/A       83%         3
 Tukima's Dance           Hex            0%         N/A       83%         3
 Passage of Golubria      Tloc           0%         N/A       99%         4
 Agony                    Necr           0%         N/A       100%        5
 Excruciating Wounds      Necr           0%         N/A       100%        5
 Yara's Violent Unravell  Hex/Tmut       0%         3d3       100%        5


Dungeon Overview and Level Annotations

Branches:
Dungeon (3/15)

Altars:
Nemelex Xobeh

Annotations:
D:3 Sigmund


Innate Abilities, Weirdness & Mutations

You have a pair of horns on your head.
You reflexively headbutt those who attack you in melee.


Message History

The jackal is severely wounded.
The jackal bites you but does no damage.
You hit the jackal. You headbutt the jackal.
You kill the jackal!
The jackal barely misses you. You furiously retaliate!
You headbutt the jackal. You hit the jackal.
You kill the jackal!
Sigmund closely misses you.
You reach to attack!
You hit Sigmund but do no damage.
You reach to attack!
You hit Sigmund.
Sigmund is lightly wounded.
Sigmund closely misses you.
You reach to attack!
You hit Sigmund.
Sigmund is lightly wounded.
Sigmund hits you from afar with a +4 vorpal scythe!
You reach to attack!
You barely miss Sigmund.
Sigmund is lightly wounded.
Sigmund hits you from afar with a +4 vorpal scythe!
* * * LOW HITPOINT WARNING * * *
You are too injured to fight recklessly!
You are too injured to fight recklessly!
You are too injured to fight recklessly!
You see here a jackal corpse.
You hit Sigmund but do no damage.
Sigmund is lightly wounded.
Sigmund gestures at you while chanting. The puff of flame misses you.
You barely miss Sigmund.
Sigmund is lightly wounded.
Sigmund says, "Your kind have come here before.
I understand now why.
You desire death..."
Sigmund hits you with a +4 vorpal scythe.
* * * LOW HITPOINT WARNING * * *
x2 Unknown command.
You hit Sigmund. You headbutt Sigmund.
Sigmund is heavily wounded.
Sigmund barely misses you. You furiously retaliate!
You headbutt Sigmund. You completely miss Sigmund.
Sigmund is severely wounded.
Sigmund hits you with a +4 vorpal scythe!
You die...

#.. ### #..# #..
#..# #.# #..# #.#
#..# #.# #.###..#
#.##
.......###..#####.#
#.###..@@.........#
#......####.#######
#####.## #.# #. #.#
.. #.# ### #.# #.#
#.# #.#


You could see Sigmund.

Vanquished Creatures
  A bullfrog skeleton (D:2)
  An adder (D:3)
  2 worms
  A dart slug (D:1)
  4 endoplasms
  A giant cockroach (D:1)
  3 goblins
  3 hobgoblins
  5 jackals
  7 kobolds
  5 quokkas
  7 ball pythons
  3 bats
  3 frilled lizards
  5 rats
51 creatures vanquished.

Notes
Turn   | Place    | Note
-------+----------+-------------------------------------------
     0 | D:1      | fragbeetle the Minotaur Hunter began the quest for the Orb.
     0 | D:1      | Reached XP level 1. HP: 18/18 MP: 0/0
    46 | D:1      | Reached skill level 3 in Fighting
    92 | D:1      | Reached XP level 2. HP: 18/26 MP: 1/1
   590 | D:1      | Reached skill level 4 in Fighting
  1038 | D:1      | Found a faded altar of an unknown god.
  1046 | D:1      | Reached XP level 3. HP: 20/33 MP: 2/2
  1313 | D:2      | HP: 1/34 [worm (6)]
  2005 | D:2      | Reached skill level 5 in Fighting
  2005 | D:2      | Reached XP level 4. HP: 29/42 MP: 3/3
  2860 | D:3      | Found a sparkling altar of Nemelex Xobeh.
  2908 | D:3      | Noticed Sigmund
  2923 | D:3      | Mangled by Sigmund

Illustrated notes

Levels and vault maps discovered:
D:1:      dpeg_arrival_simpleton_c, layout_rooms,
          hellmonk_ecumenical_altar_inner_sanctum
D:2:      layout_basic
D:3:      layout_loops_ring, mainiacjoe_overflow_alcove_2, xom_confusion_cloud,
          nrook_mini_backslash, uniq_sigmund

Skill      XL: |  1  2  3 |
---------------+----------+-----
Fighting       | 3 4 5 |  5.8
Crossbows      | |  4.3
Dodging        | |  2.1
Stealth        | |  0.7

Action                   |  1- 3 |  4- 6 || total
-------------------------+-------+-------++-------
Melee: Short sword       |    44 |       ||    44
       Headbutt          |    14 |     7 ||    21
       Spear             |    56 |    36 ||    92
       Punch             |     2 |       ||     2
 Fire: Hand crossbow     |     3 |       ||     3
 Stab: Sleeping          |     2 |       ||     2
Armor: Leather armour    |    24 |     3 ||    27
Dodge: Dodged            |    47 |    13 ||    60
